 Dungeon Crawl Stone Soup version 0.29-a0-270-g1586fc07ea (webtiles) character file.

Game seed: 7595549768071335292

2 croobank the Skirmisher (level 1, -1/20 HPs)
             Began as a Minotaur Berserker on Mar 8, 2022.
             Was a Follower of Trog.
             Succumbed to an adder's poison
             ... on level 2 of the Dungeon.
             The game lasted 00:00:35 (129 turns).

croobank the Skirmisher (Minotaur Berserker)         Turns: 129, Time: 00:00:35

Health: -1/20      AC:  3    Str: 21    XL:     1   Next: 33%
Magic:  0/0        EV: 11    Int:  4    God:    Trog [*.....]
Gold:   0          SH:  0    Dex:  9    Spells: 0/0 levels left

rFire   . . .      SeeInvis .   a - +0 hand axe
rCold   . . .      Faith    .   (no shield)
rNeg    . . .      Spirit   .   e - +0 leather armour
rPois   .          Reflect  .   (helmet restricted)
rElec   .          Harm     .   (no cloak)
rCorr   .          Rampage  .   (no gloves)
Will    .....                   (no boots)
Stlth   +.........              (no amulet)
HPRegen 0.06/turn               (no ring)
MPRegen 0.07/turn               (no ring)

@: lethally poisoned (-1 -> -10)
A: horns 2, retaliatory headbutt
a: Renounce Religion, Berserk


You were on level 2 of the Dungeon.
You worshipped Trog.
Trog was aware of your devotion.
You visited 1 branch of the dungeon, and saw 2 of its levels.

Inventory:

Hand Weapons
 a - a +0 hand axe (weapon)
Armour
 b - a +0 animal skin
 e - a +0 leather armour (worn)
Scrolls
 c - a scroll of blinking {unknown}
 d - a scroll of identify {unknown}
 f - a scroll of fog {unknown}


   Skills:
 + Level 3.7 Fighting
 + Level 3.7 Axes
 + Level 2.5 Armour
 + Level 2.2 Dodging


You couldn't memorise any spells.
You didn't know any spells.
Your spell library was empty.

Dungeon Overview and Level Annotations

Branches:
Dungeon (1/15)

Altars:


Innate Abilities, Weirdness & Mutations

You have a pair of horns on your head.
You reflexively headbutt those who attack you in melee.


Message History

You finish putting on your +0 leather armour.
f - a scroll labelled HUSYAN DIEPHYR A sourceless malevolence fills the Dungeon...
You fall into a shaft and drop 1 floor!
The shaft crumbles and collapses.
A goblin and an adder come into view.
Found a spear.
You hit the adder but do no damage. You miss the goblin.
The adder closely misses you. The goblin hits you with a +0 club.
You barely miss the adder. You hit the goblin.
You kill the goblin!
Trog accepts your kill. The adder closely misses you. You furiously retaliate!
You headbutt the adder. The adder bites you but does no damage.
You closely miss the adder.
The adder is lightly wounded.
The adder barely misses you.
You hit the adder. Your headbutt misses the adder.
The adder is severely wounded.
The adder bites you.
You are poisoned.
The adder poisons you!
You closely miss the adder.
The adder is severely wounded.
You feel sick. The adder closely misses you. The adder bites you.
You barely miss the adder.
The adder is severely wounded.
You feel sick. The adder bites you.
* * * LOW HITPOINT WARNING * * *
You hit the adder.
The adder is almost dead.
You feel sick. The adder barely misses you. The adder bites you.
* * * LOW HITPOINT WARNING * * *
You are more poisoned.
The adder poisons you!
You aren't carrying any potions.
You hit the adder.
You kill the adder!
Trog accepts your kill.
You die...

#.#.#
##.#.#
#....#
#....#
#....#
#....#
#)..)#
#.@..#
#....#
....###
####.#
#.# #..
###


There were no monsters in sight!

Vanquished Creatures
  An adder (D:2)
  A goblin (D:2)
  A kobold (D:1)
3 creatures vanquished.

Notes
Turn   | Place    | Note
-------+----------+-------------------------------------------
     0 | D:1      | croobank the Minotaur Berserker began the quest for the
                  | Orb.
     0 | D:1      | Reached XP level 1. HP: 19/19 MP: 0/0
   121 | D:1      | You fall into a shaft and drop 1 floor!
   128 | D:2      | HP: 1/20 [adder (3)]
   129 | D:2      | Succumbed to an adder's poison

Illustrated notes

Levels and vault maps discovered:
D:1:      lemuel_arrival_river_ford, layout_loops_ring,
          hellmonk_ecumenical_altar_prayer_group, st_stairs_5,
          hangedman_abyss_or_decor_stabs
D:2:      layout_basic, basic_altar

Action                   || total
-------------------------++-------
Melee: Hand axe          ||    11
Armor: Animal skin       ||     3
       Leather armour    ||     1
Dodge: Dodged            ||     8

Table legend: (Time is in decaauts)
 A = Elapsed time spent in this place.
 B = Non-inter-level travel time spent in this place.
 C = Inter-level travel time spent in this place.
 D = Time resting spent in this place.
 E = Time spent auto-exploring this place.
 F = Levels seen in this place.
 G = Mean time per level.
                   A        B        C        D        E       F      G
               +--------+--------+--------+--------+--------+-----+--------+
         Total |    132 |    132 |      0 |      0 |     87 |   2 |   66.0 |
       Dungeon |    132 |    132 |      0 |      0 |     87 |   2 |   66.0 |
               +--------+--------+--------+--------+--------+-----+--------+

Top non-repeatable levels by time:
     D:1: 123 daAuts
     D:2: 8 daAuts
